[Event "57th Biel Festival ATO 2024"]
[Site "Biel"]
[Date "2024.07.20"]
[Round "5.24"]
[White "Aegerter, Fabrice"]
[Black "Kim, Sarang"]
[Result "1-0"]
[ECO "B07"]
[WhiteElo "1917"]
[BlackElo "1704"]
[Annotator "NA"]
[PlyCount "65"]
[EventDate "2024.07.03"]
[EventType "swiss"]
[EventCountry "SUI"]
[SourceTitle "playchess.com"]
[Source "ChessBase"]
[SourceQuality "1"]
[TimeControl "40/5400+30:1800+30"]

1. d4 Nf6 2. Bf4 g6 3. Nc3 Bg7 4. e4 d6 5. Qd2 O-O 6. O-O-O a5 7. f3 c6 8. g4 Qc7 9. h4 e5 10. dxe5 dxe5 11. Bh6 Be6 12. h5 Na6 13. Bxg7 Kxg7 14. hxg6 fxg6 15. Qh6+ Kg8 16. g5 Ne8 17. Bh3 Bxh3 18. Qxh3 Rf7 19. f4 Qe7 20. Nf3 exf4 21. e5 Nc5 22. Rhe1 Ne6 23. Ne4 Nc5 24. Nf6+ Kh8 25. Nh4 Rg7 26. Nxh7 Kg8 27. Nf6+ Kf8 28. Nxg6+ Rxg6 29. Qh8+ Kf7 30. e6+ Nxe6 31. Rd7 Qxd7 32. Nxd7 N8c7 33. Ne5+ 1-0

[Event "57th Biel Festival ATO 2024"]
[Site "Biel"]
[Date "2024.07.20"]
[Round "5.25"]
[White "Voet, Dirk"]
[Black "Loeffler, Helmut"]
[Result "1-0"]
[ECO "A07"]
[WhiteElo "1869"]
[BlackElo "1745"]
[Annotator "NA"]
[PlyCount "21"]
[EventDate "2024.07.03"]
[EventType "swiss"]
[EventCountry "SUI"]
[SourceTitle "playchess.com"]
[Source "ChessBase"]
[SourceQuality "1"]
[TimeControl "40/5400+30:1800+30"]

1. g3 d5 2. Bg2 Nf6 3. d3 e6 4. Nf3 Be7 5. O-O O-O 6. e4 Bd7 7. e5 Re8 8. h4 h6 9. Bh3 Kh7 10. Bxe6 Kg6 11. g4 1-0

[Event "57th Biel Festival ATO 2024"]
[Site "Biel"]
[Date "2024.07.20"]
[Round "5.27"]
[White "Lesniak, Julien"]
[Black "Buntschu, Kurt"]
[Result "1/2-1/2"]
[ECO "B52"]
[WhiteElo "1728"]
[BlackElo "1868"]
[Annotator "NA RC"]
[PlyCount "23"]
[EventDate "2024.07.03"]
[EventType "swiss"]
[EventCountry "SUI"]
[SourceTitle "playchess.com"]
[Source "ChessBase"]
[SourceQuality "1"]
[TimeControl "40/5400+30:1800+30"]

1. e4 c5 2. Nf3 d6 3. Bb5+ Bd7 4. c4 Nf6 5. O-O g6 6. d3 Bg7 7. h3 O-O 8. Be3 Qc7 9. Qd2 e6 10. Bh6 Re8 11. Bxg7 Kxg7 12. Re1 1/2-1/2

[Event "57th Biel Festival ATO 2024"]
[Site "Biel"]
[Date "2024.07.20"]
[Round "5.28"]
[White "Gafner, Lancelot"]
[Black "Schweizer, Ulrich"]
[Result "1-0"]
[ECO "C99"]
[WhiteElo "1864"]
[BlackElo "1727"]
[Annotator "NA"]
[PlyCount "85"]
[EventDate "2024.07.03"]
[EventType "swiss"]
[EventCountry "SUI"]
[SourceTitle "playchess.com"]
[Source "ChessBase"]
[SourceQuality "1"]
[TimeControl "40/5400+30:1800+30"]

1. e4 e5 2. Nf3 Nc6 3. Bb5 Nf6 4. O-O a6 5. Ba4 Be7 6. Re1 b5 7. Bb3 d6 8. c3 Na5 9. Bc2 c5 10. h3 O-O 11. d4 Qc7 12. Nbd2 cxd4 13. cxd4 Nc6 14. Nb3 a5 15. Be3 a4 16. Nbd2 Bd7 17. Rc1 Rfc8 18. Qe2 Qb7 19. d5 Nb4 20. Bb1 Rxc1 21. Rxc1 Rc8 22. Qd1 Rc7 23. a3 Na6 24. Rc2 Bd8 25. Qc1 Rxc2 26. Qxc2 Qc7 27. Qxc7 Bxc7 28. Bd3 Nc5 29. Nxe5 Nxd3 30. Nxd3 h6 31. f3 Kf8 32. Kf2 Ke8 33. Bd4 Ke7 34. Ke3 Ne8 35. Nb4 Bc8 36. Nb1 f6 37. Nc3 Bd7 38. Nc6+ Bxc6 39. dxc6 Ba5 40. Nxb5 Nc7 41. Nxc7 Bxc7 42. Kd3 Ke6 43. Kc4 1-0

[Event "57th Biel Festival ATO 2024"]
[Site "Biel"]
[Date "2024.07.20"]
[Round "5.29"]
[White "Luedi, Paul"]
[Black "Ernst, Heinz"]
[Result "1/2-1/2"]
[ECO "D60"]
[WhiteElo "1715"]
[BlackElo "1830"]
[Annotator "NA"]
[PlyCount "68"]
[EventDate "2024.07.03"]
[EventType "swiss"]
[EventCountry "SUI"]
[SourceTitle "playchess.com"]
[Source "ChessBase"]
[SourceQuality "1"]
[TimeControl "40/5400+30:1800+30"]

1. d4 d5 2. c4 e6 3. Nc3 Nf6 4. Bg5 Nbd7 5. Nf3 Be7 6. e3 c6 7. Bd3 O-O 8. O-O h6 9. Bh4 dxc4 10. Bxc4 b5 11. Bd3 a6 12. h3 Bb7 13. Qe2 c5 14. dxc5 Nxc5 15. Bc2 Nd5 16. Nxd5 Bxd5 17. Bxe7 Qxe7 18. b3 Qb7 19. Rfd1 Rfd8 20. Rac1 Be4 21. Bxe4 Nxe4 22. Rxd8+ Rxd8 23. Rd1 Rxd1+ 24. Qxd1 Qc7 25. a4 bxa4 26. bxa4 Qa5 27. Qd7 Nf6 28. Qc8+ Kh7 29. Qc2+ g6 30. e4 e5 31. Qc6 Kg7 32. g4 g5 33. Kg2 Ng8 34. h4 Ne7 1/2-1/2

[Event "57th Biel Festival ATO 2024"]
[Site "Biel"]
[Date "2024.07.20"]
[Round "5.31"]
[White "Spaeti, Kurt"]
[Black "Panda, Gyorgy"]
[Result "1/2-1/2"]
[ECO "B43"]
[WhiteElo "1804"]
[BlackElo "1713"]
[Annotator "NA RC"]
[PlyCount "36"]
[EventDate "2024.07.03"]
[EventType "swiss"]
[EventCountry "SUI"]
[SourceTitle "playchess.com"]
[Source "ChessBase"]
[SourceQuality "1"]
[TimeControl "40/5400+30:1800+30"]

1. e4 c5 2. Nf3 e6 3. d4 cxd4 4. Nxd4 a6 5. Nc3 b5 6. a3 Qc7 7. Be3 Bb7 8. f3 Nf6 9. Qd2 b4 10. Na4 Nc6 11. Nxc6 Bxc6 12. axb4 d5 13. exd5 Nxd5 14. c3 Nxe3 15. Qxe3 Be7 16. Be2 O-O 17. O-O Bd6 18. g3 Bxg3 1/2-1/2

[Event "57th Biel Festival ATO 2024"]
[Site "Biel"]
[Date "2024.07.20"]
[Round "5.33"]
[White "Hofer, Friedrich"]
[Black "Cho, Yeonhee"]
[Result "1-0"]
[ECO "C54"]
[WhiteElo "1798"]
[BlackElo "1686"]
[Annotator "NA RC"]
[PlyCount "33"]
[EventDate "2024.07.03"]
[EventType "swiss"]
[EventCountry "SUI"]
[SourceTitle "playchess.com"]
[Source "ChessBase"]
[SourceQuality "1"]
[TimeControl "40/5400+30:1800+30"]

1. e4 e5 2. Nf3 Nc6 3. Bc4 Bc5 4. c3 Nf6 5. d3 d6 6. Nbd2 a6 7. Bb3 O-O 8. h3 Qe7 9. O-O Be6 10. Bc2 h6 11. Re1 Ba7 12. Nf1 Nh5 13. d4 Bc8 14. Ne3 exd4 15. Nd5 Qd8 16. cxd4 Nf6 17. Qd3 1-0

[Event "57th Biel Festival ATO 2024"]
[Site "Biel"]
[Date "2024.07.20"]
[Round "5.34"]
[White "Cardoso Rodrigues, Michael"]
[Black "Brandes, Stefan"]
[Result "1-0"]
[ECO "B12"]
[WhiteElo "1796"]
[BlackElo "1624"]
[Annotator "NA"]
[PlyCount "23"]
[EventDate "2024.07.03"]
[EventType "swiss"]
[EventCountry "SUI"]
[SourceTitle "playchess.com"]
[Source "ChessBase"]
[SourceQuality "1"]
[TimeControl "40/5400+30:1800+30"]

1. e4 c6 2. d4 d5 3. f3 dxe4 4. fxe4 e5 5. Nf3 Bg4 6. c3 Bd6 7. Bc4 b5 8. Bxf7+ Kxf7 9. Nxe5+ Bxe5 10. O-O+ Nf6 11. Qxg4 Kg8 12. Qe6+ 1-0

[Event "57th Biel Festival ATO 2024"]
[Site "Biel"]
[Date "2024.07.20"]
[Round "5.36"]
[White "Pantillon, Patrick Andre"]
[Black "Kuenzli, Manuel"]
[Result "1-0"]
[ECO "C50"]
[WhiteElo "1782"]
[BlackElo "1542"]
[Annotator "NA RC"]
[PlyCount "101"]
[EventDate "2024.07.03"]
[EventType "swiss"]
[EventCountry "SUI"]
[SourceTitle "playchess.com"]
[Source "ChessBase"]
[SourceQuality "1"]
[TimeControl "40/5400+30:1800+30"]

1. Nc3 e5 2. e4 Nc6 3. Bc4 Bc5 4. d3 Nf6 5. h3 h6 6. Nf3 d6 7. Qe2 Bd7 8. Be3 Nd4 9. Bxd4 Bxd4 10. Nxd4 exd4 11. Nb5 Bxb5 12. Bxb5+ c6 13. Bc4 O-O 14. O-O Re8 15. Qf3 d5 16. exd5 Nxd5 17. Bb3 Nf6 18. Rfe1 Qd7 19. a4 Re7 20. Rxe7 Qxe7 21. a5 a6 22. c3 dxc3 23. bxc3 Rd8 24. Bc4 Nd5 25. d4 Qf6 26. Bxd5 Rxd5 27. Qxf6 gxf6 28. f4 Kf8 29. Kf2 Ke7 30. Ke3 Kd6 31. c4 Rh5 32. Ke4 Ke6 33. Ra3 f5+ 34. Kf3 Kd6 35. Rb3 Kc7 36. Rb6 Rh4 37. d5 Rh5 38. dxc6 bxc6 39. c5 Rh4 40. Rxa6 Kb7 41. Rb6+ Ka7 42. Rxc6 Kb7 43. Rf6 Kc7 44. c6 Kb8 45. Rxf7 Kc8 46. a6 Kb8 47. a7+ Ka8 48. c7 Kxa7 49. c8=Q+ Kb6 50. Rb7+ Ka6 51. Qa8# 1-0

[Event "57th Biel Festival ATO 2024"]
[Site "Biel"]
[Date "2024.07.20"]
[Round "5.40"]
[White "Materia, Mario"]
[Black "Gotti, Nicola"]
[Result "0-1"]
[ECO "D08"]
[WhiteElo "1590"]
[BlackElo "1804"]
[Annotator "NA"]
[PlyCount "44"]
[EventDate "2024.07.03"]
[EventType "swiss"]
[EventCountry "SUI"]
[SourceTitle "playchess.com"]
[Source "ChessBase"]
[SourceQuality "1"]
[TimeControl "40/5400+30:1800+30"]

1. d4 d5 2. c4 e5 3. dxe5 d4 4. Nf3 Nc6 5. a3 Nge7 6. Bg5 h6 7. Bh4 Qd7 8. b4 g5 9. Bg3 a6 10. h3 Ng6 11. b5 axb5 12. cxb5 Nb4 13. Nbd2 Nd5 14. Nb3 Bxa3 15. Qxd4 Qxb5 16. Qd3 Bb4+ 17. Nfd2 Bxd2+ 18. Kxd2 Qb4+ 19. Kc2 Rxa1 20. Nxa1 Bf5 21. e6 O-O 22. exf7+ Kxf7 0-1

[Event "57th Biel Festival ATO 2024"]
[Site "Biel"]
[Date "2024.07.22"]
[Round "6.1"]
[White "Andrzejewska, Anna"]
[Black "Nasybullina, Alfia"]
[Result "0-1"]
[ECO "B19"]
[WhiteElo "1933"]
[BlackElo "1997"]
[Annotator "ChessBase"]
[PlyCount "127"]
[EventDate "2024.07.03"]
[EventType "swiss"]
[EventCountry "SUI"]
[SourceTitle "playchess.com"]
[Source "ChessBase"]
[SourceQuality "1"]
[TimeControl "40/5400+30:1800+30"]

1. e4 c6 2. d4 d5 3. Nc3 dxe4 4. Nxe4 Bf5 5. Ng3 Bg6 6. h4 h6 7. Nf3 Nf6 8. h5 Bh7 9. Bd3 Bxd3 10. Qxd3 e6 11. Bd2 c5 12. O-O-O Nc6 13. Rh4 Be7 14. Kb1 Qb6 15. Qb3 Qxb3 16. axb3 cxd4 17. Nxd4 Nxd4 18. Rxd4 Bc5 19. Rf4 Rd8 20. b4 Bd6 21. Rh4 Bxg3 22. fxg3 Rd5 23. Rhh1 Rxh5 24. Rhe1 Rd5 25. c4 Rd4 26. b3 a6 27. Be3 Rd7 28. Bd4 Ke7 29. Bc5+ Kd8 30. Bb6+ Kc8 31. Kc2 Rxd1 32. Rxd1 Ne4 33. Bd4 Rd8 34. Bxg7 Rxd1 35. Kxd1 h5 36. Be5 f6 37. Bb2 e5 38. Ke2 Nxg3+ 39. Kf3 Nf5 40. Ke4 Ne7 41. Bc3 Kd7 42. g3 Ke6 43. Be1 Nf5 44. Bf2 Nd6+ 45. Kd3 Nf7 46. Ke4 Ng5+ 47. Ke3 Kf5 48. Be1 Ne6 49. Bc3 Nd4 50. Bxd4 exd4+ 51. Kxd4 Kg4 52. Kc5 Kxg3 53. Kb6 h4 54. Kxb7 h3 55. c5 h2 56. Kxa6 h1=Q 57. b5 Qa8+ 58. Kb6 f5 59. Kc7 Qa7+ 60. Kd6 Qb8+ 61. Kc6 f4 62. b6 f3 63. b7 f2 64. Kb6 0-1

[Event "57th Biel Festival ATO 2024"]
[Site "Biel"]
[Date "2024.07.22"]
[Round "6.2"]
[White "Meshach, Felix"]
[Black "Oestmann, Lukas"]
[Result "1-0"]
[ECO "B23"]
[WhiteElo "1773"]
[BlackElo "1926"]
[Annotator "ChessBase"]
[PlyCount "127"]
[EventDate "2024.07.03"]
[EventType "swiss"]
[EventCountry "SUI"]
[SourceTitle "playchess.com"]
[Source "ChessBase"]
[SourceQuality "1"]
[TimeControl "40/5400+30:1800+30"]

1. e4 c5 2. Nc3 Nc6 3. f4 e6 4. Nf3 d5 5. Bb5 Nge7 6. exd5 Nxd5 7. Bxc6+ bxc6 8. d3 Bd6 9. Ne5 Bxe5 10. fxe5 Qh4+ 11. g3 Qd4 12. Nxd5 Qxd5 13. O-O Qxe5 14. Qf3 O-O 15. Be3 Ba6 16. b3 c4 17. dxc4 c5 18. Rad1 Qc7 19. Qe2 Bb7 20. Kf2 Rad8 21. Bg5 Rde8 22. Ke1 f6 23. Bd2 e5 24. Qg4 Bc8 25. Qf3 f5 26. Bc3 f4 27. Qd5+ Kh8 28. Qd6 Qb7 29. Rd5 Bh3 30. Rf2 Rf6 31. Qxc5 Rc8 32. Qa5 h6 33. Bxe5 Ra6 34. Qd2 Rxa2 35. Rd8+ Rxd8 36. Qxd8+ Kh7 37. Qd3+ Kh8 38. Rxf4 Qe7 39. Kd2 Be6 40. Bd6 Qg5 41. Kc3 Qa5+ 42. Kd4 Ra1 43. Rf8+ Bg8 44. b4 Qh5 45. Rf1 Bh7 46. Qf3 Qxf3 47. Rxf3 Bxc2 48. c5 Ba4 49. Rf7 Rd1+ 50. Kc3 a6 51. Be5 Re1 52. Bxg7+ Kh7 53. Bd4+ Kg6 54. Rf6+ Kg5 55. Rxa6 Rc1+ 56. Kb2 Rc2+ 57. Kb1 Bb5 58. Be3+ Kg4 59. Kxc2 Bxa6 60. Bxh6 Kh3 61. Kc3 Kxh2 62. Bf4 Kh3 63. Kd4 Kg4 64. Kd5 1-0

[Event "57th Biel Festival ATO 2024"]
[Site "Biel"]
[Date "2024.07.22"]
[Round "6.3"]
[White "Noh, Jinwoo"]
[Black "Yu, Tianxiang Carlos"]
[Result "1-0"]
[ECO "B52"]
[WhiteElo "1824"]
[BlackElo "1769"]
[Annotator "NA"]
[PlyCount "47"]
[EventDate "2024.07.03"]
[EventType "swiss"]
[EventCountry "SUI"]
[SourceTitle "playchess.com"]
[Source "ChessBase"]
[SourceQuality "1"]
[TimeControl "40/5400+30:1800+30"]

1. e4 c5 2. Nf3 d6 3. Bb5+ Bd7 4. Bxd7+ Qxd7 5. O-O Nf6 6. Re1 Nc6 7. c3 e6 8. d4 d5 9. e5 Ng8 10. Nbd2 Rc8 11. a3 h5 12. dxc5 Bxc5 13. b4 Bb6 14. c4 Nh6 15. c5 Bd8 16. Nb3 Nf5 17. Qd2 a6 18. a4 b5 19. axb5 axb5 20. Nfd4 Nfxd4 21. Nxd4 Nxd4 22. Qxd4 Qc6 23. h4 Rg8 24. Bg5 1-0

[Event "57th Biel Festival ATO 2024"]
[Site "Biel"]
[Date "2024.07.22"]
[Round "6.4"]
[White "Boillat, Maxime"]
[Black "Wiesmann, Dominique"]
[Result "1/2-1/2"]
[ECO "B07"]
[WhiteElo "1768"]
[BlackElo "1963"]
[Annotator "RC"]
[PlyCount "24"]
[EventDate "2024.07.03"]
[EventType "swiss"]
[EventCountry "SUI"]
[SourceTitle "playchess.com"]
[Source "ChessBase"]
[SourceQuality "1"]
[TimeControl "40/5400+30:1800+30"]

1. e4 d6 2. d4 Nf6 3. Nc3 c6 4. g3 Nbd7 5. Bg2 e5 6. Nge2 g6 7. O-O Bg7 8. h3 O-O 9. Be3 Re8 10. f4 Nf8 11. g4 Qc7 12. Qd2 Ne6 1/2-1/2

[Event "57th Biel Festival ATO 2024"]
[Site "Biel"]
[Date "2024.07.22"]
[Round "6.5"]
[White "Akhmediyar, Yernur"]
[Black "Kulikov, Mikhail L"]
[Result "0-1"]
[ECO "A27"]
[WhiteElo "1751"]
[BlackElo "1954"]
[Annotator "ChessBase"]
[PlyCount "130"]
[EventDate "2024.07.03"]
[EventType "swiss"]
[EventCountry "SUI"]
[SourceTitle "playchess.com"]
[Source "ChessBase"]
[SourceQuality "1"]
[TimeControl "40/5400+30:1800+30"]

1. c4 e5 2. Nc3 Nc6 3. Nf3 g6 4. d4 exd4 5. Nxd4 Bg7 6. e3 Nge7 7. Be2 d6 8. O-O O-O 9. Nxc6 Nxc6 10. Qd2 Be6 11. b3 Ne5 12. Bb2 a6 13. h3 Qd7 14. f4 Nc6 15. Bf3 Rab8 16. Ne4 f6 17. Rac1 Rbe8 18. Rfd1 Kh8 19. Nc5 Qc8 20. Nxa6 Ne7 21. Nb4 Nf5 22. Qf2 Qa8 23. g4 Ne7 24. a4 Qa5 25. Bc3 Qb6 26. Rb1 f5 27. Bxg7+ Kxg7 28. Nc2 fxg4 29. hxg4 Qc5 30. Rbc1 Ng8 31. Kg2 Bd7 32. Qd2 Nf6 33. g5 Ne4 34. Qd4+ Qxd4 35. Rxd4 Bc6 36. Nb4 Nc5 37. Rc3 Bxf3+ 38. Kxf3 Ne6 39. Rd5 Re7 40. Kg2 Nc5 41. Nc2 Rfe8 42. a5 Ne4 43. Rcd3 Nc5 44. Rc3 c6 45. Rd1 Ne4 46. Rcd3 c5 47. Ra1 h6 48. gxh6+ Kxh6 49. a6 bxa6 50. Rxa6 g5 51. fxg5+ Kxg5 52. Ne1 Rg8 53. Kf3 Rf8+ 54. Ke2 Rf2+ 55. Kd1 Rh7 56. Ra8 Rhh2 57. Rd5+ Kg6 58. Rd3 Rf1 59. Re8 Nf2+ 60. Ke2 Rxe1+ 61. Kxe1 Nxd3+ 62. Kd1 Kf5 63. e4+ Kf4 64. Re6 Ke3 65. Rxd6 Rd2# 0-1

[Event "57th Biel Festival ATO 2024"]
[Site "Biel"]
[Date "2024.07.22"]
[Round "6.6"]
[White "Jud, Marc"]
[Black "Kuenzi, Anton"]
[Result "1-0"]
[ECO "D79"]
[WhiteElo "1925"]
[BlackElo "1862"]
[Annotator "RC"]
[PlyCount "57"]
[EventDate "2024.07.03"]
[EventType "swiss"]
[EventCountry "SUI"]
[SourceTitle "playchess.com"]
[Source "ChessBase"]
[SourceQuality "1"]
[TimeControl "40/5400+30:1800+30"]

1. Nf3 Nf6 2. d4 g6 3. c4 Bg7 4. g3 O-O 5. Bg2 c6 6. Nc3 d5 7. cxd5 cxd5 8. O-O Nc6 9. Ne5 e6 10. Nxc6 bxc6 11. b3 c5 12. e3 cxd4 13. exd4 Ba6 14. Re1 Rc8 15. Na4 Ne4 16. Ba3 Re8 17. Nc5 Nc3 18. Qd2 Ne2+ 19. Kh1 Nxd4 20. Rac1 Qb6 21. Na4 Qb8 22. Bb2 Nf5 23. Bxg7 Nxg7 24. Nc5 Qb5 25. Bf1 Qxf1+ 26. Rxf1 Bxf1 27. Nd7 Red8 28. Nf6+ Kf8 29. Qb4+ 1-0

[Event "57th Biel Festival ATO 2024"]
[Site "Biel"]
[Date "2024.07.22"]
[Round "6.7"]
[White "Titov, Dmitrii"]
[Black "Nergard, Ole-Kristian"]
[Result "1-0"]
[ECO "D00"]
[WhiteElo "1899"]
[BlackElo "1830"]
[Annotator "NA"]
[PlyCount "153"]
[EventDate "2024.07.03"]
[EventType "swiss"]
[EventCountry "SUI"]
[SourceTitle "playchess.com"]
[Source "ChessBase"]
[SourceQuality "1"]
[TimeControl "40/5400+30:1800+30"]

1. d4 Nf6 2. Bf4 d5 3. e3 c5 4. c3 Nbd7 5. Nd2 g6 6. Be2 Bg7 7. h4 h5 8. Ngf3 Ng4 9. Bg3 e5 10. dxe5 Ndxe5 11. Nxe5 Bxe5 12. Bb5+ Bd7 13. Bxd7+ Qxd7 14. Bxe5 Nxe5 15. Nf3 Ng4 16. Qc2 O-O 17. O-O Qe6 18. a4 Rfd8 19. a5 Ne5 20. Nxe5 Qxe5 21. Ra4 Rd7 22. Qb3 Rad8 23. Rd1 c4 24. Qc2 Kg7 25. Rd4 Rd6 26. Ra1 a6 27. Rad1 Qe6 28. Qd2 R8d7 29. e4 Qf6 30. Qg5 Qe6 31. exd5 Qe2 32. Qd2 Qxd2 33. R1xd2 Kf6 34. Kf1 Ke5 35. Rxc4 Rxd5 36. Rxd5+ Rxd5 37. b4 Rd7 38. Ke2 f6 39. Ke3 Rd5 40. Re4+ Kf5 41. Re7 Rb5 42. f3 g5 43. g3 b6 44. axb6 Rxb6 45. Re4 Kg6 46. Kd4 f5 47. Re3 Kf6 48. hxg5+ Kxg5 49. Re1 Rd6+ 50. Kc4 Rd2 51. Re8 Rd6 52. Rg8+ Kf6 53. f4 Re6 54. Rg5 h4 55. gxh4 Re4+ 56. Kd3 Rxf4 57. Rg8 Rxh4 58. Ra8 Rh3+ 59. Kd4 Rh4+ 60. Kd5 f4 61. Rxa6+ Kf5 62. Ra8 f3 63. Rf8+ Kg4 64. Ke4 Kg5+ 65. Kxf3 Rc4 66. Ke3 Rxc3+ 67. Kd4 Rc6 68. b5 Rc1 69. b6 Rb1 70. Kc5 Rc1+ 71. Kd6 Rd1+ 72. Kc7 Rc1+ 73. Kb8 Kg6 74. b7 Rc2 75. Rc8 Rf2 76. Kc7 Rf7+ 77. Kc6 1-0

[Event "57th Biel Festival ATO 2024"]
[Site "Biel"]
[Date "2024.07.22"]
[Round "6.8"]
[White "Leuenberger, Urs"]
[Black "King, Alexander"]
[Result "0-1"]
[ECO "D35"]
[WhiteElo "1903"]
[BlackElo "1935"]
[Annotator "ChessBase"]
[PlyCount "78"]
[EventDate "2024.07.03"]
[EventType "swiss"]
[EventCountry "SUI"]
[SourceTitle "playchess.com"]
[Source "ChessBase"]
[SourceQuality "1"]
[TimeControl "40/5400+30:1800+30"]

1. d4 d5 2. c4 e6 3. Nc3 Nf6 4. Nf3 c6 5. cxd5 exd5 6. Qc2 Nbd7 7. Bf4 Be7 8. h3 O-O 9. e3 Re8 10. Bd3 Nf8 11. O-O Ne6 12. Bh2 g6 13. a3 Ng7 14. b4 a6 15. Rab1 Bf5 16. Bxf5 Nxf5 17. a4 b5 18. Ne5 Qb6 19. Nd3 Nd6 20. axb5 axb5 21. Bxd6 Bxd6 22. Ra1 Qb7 23. Rfc1 Nd7 24. Ne2 Rxa1 25. Rxa1 Ra8 26. Rc1 Ra6 27. g3 Qc8 28. Kg2 Qf8 29. Qc3 Qe8 30. Qd2 Nb6 31. Nc5 Ra7 32. Qc3 Qa8 33. Nb3 Nc4 34. Nc5 Ra3 35. Qe1 Bxc5 36. dxc5 Qe8 37. Nd4 Qe4+ 38. Nf3 Nxe3+ 39. fxe3 Ra2+ 0-1

[Event "57th Biel Festival ATO 2024"]
[Site "Biel"]
[Date "2024.07.22"]
[Round "6.9"]
[White "Wenger, Arejou"]
[Black "Conrad, Vincent"]
[Result "1-0"]
[ECO "C04"]
[WhiteElo "1875"]
[BlackElo "1931"]
[Annotator "ChessBase"]
[PlyCount "33"]
[EventDate "2024.07.03"]
[EventType "swiss"]
[EventCountry "SUI"]
[SourceTitle "playchess.com"]
[Source "ChessBase"]
[SourceQuality "1"]
[TimeControl "40/5400+30:1800+30"]

1. e4 e6 2. d4 d5 3. Nd2 Nc6 4. Bb5 Nf6 5. e5 Nd7 6. c3 Ncb8 7. Ne2 c6 8. Bd3 c5 9. O-O a6 10. f4 Nc6 11. Nf3 g6 12. Qe1 Bg7 13. Ng5 Ne7 14. g4 Nf8 15. f5 h6 16. Nxf7 Bxe5 17. h4 1-0

[Event "57th Biel Festival ATO 2024"]
[Site "Biel"]
[Date "2024.07.22"]
[Round "6.10"]
[White "Haas, Anthony"]
[Black "Ribera Caro, Joan"]
[Result "1/2-1/2"]
[ECO "E04"]
[WhiteElo "1824"]
[BlackElo "1920"]
[Annotator "ChessBase"]
[PlyCount "101"]
[EventDate "2024.07.03"]
[EventType "swiss"]
[EventCountry "SUI"]
[SourceTitle "playchess.com"]
[Source "ChessBase"]
[SourceQuality "1"]
[TimeControl "40/5400+30:1800+30"]

1. d4 Nf6 2. c4 e6 3. g3 d5 4. Bg2 Bb4+ 5. Nd2 O-O 6. Ngf3 dxc4 7. O-O b5 8. a4 c6 9. b3 cxb3 10. Qxb3 a5 11. Rd1 Nd5 12. Bb2 Qe7 13. Ne5 Rd8 14. Rac1 Bb7 15. Nb1 Nb6 16. axb5 cxb5 17. Bxb7 Qxb7 18. Ba3 Bxa3 19. Nxa3 b4 20. Nb5 Nd5 21. Qc4 h6 22. e4 Nf6 23. f3 Qe7 24. Qe2 Nfd7 25. Rc7 f6 26. Nxd7 Nxd7 27. Rdc1 Rdb8 28. Na7 Qd6 29. Nb5 Qe7 30. Na7 Qe8 31. Nc6 Rb6 32. Nxa5 b3 33. Qb2 Kh7 34. Nxb3 Rab8 35. R7c3 Qe7 36. Qc2 Qb4 37. Qd3 Qa4 38. Nc5 Nxc5 39. Rxc5 Rb4 40. R5c4 Rxc4 41. Qxc4 Qxc4 42. Rxc4 Rb1+ 43. Kf2 Rb2+ 44. Ke3 Rb3+ 45. Ke2 Kg6 46. Rc6 Kf7 47. Rc7+ Kf8 48. Rc8+ Ke7 49. Rc7+ Kf8 50. Rc8+ Ke7 51. Rc7+ 1/2-1/2

[Event "57th Biel Festival ATO 2024"]
[Site "Biel"]
[Date "2024.07.22"]
[Round "6.11"]
[White "Kuenzli, Simon"]
[Black "Schaer, Bryan"]
[Result "1-0"]
[ECO "C02"]
[WhiteElo "1919"]
[BlackElo "1803"]
[Annotator "ChessBase"]
[PlyCount "65"]
[EventDate "2024.07.03"]
[EventType "swiss"]
[EventCountry "SUI"]
[SourceTitle "playchess.com"]
[Source "ChessBase"]
[SourceQuality "1"]
[TimeControl "40/5400+30:1800+30"]

1. e4 e6 2. d4 d5 3. e5 c5 4. c3 Nc6 5. Nf3 Bd7 6. Be2 Nge7 7. Na3 cxd4 8. cxd4 Nf5 9. Nc2 Qb6 10. O-O Na5 11. Ne3 Nxe3 12. fxe3 Bb5 13. Ng5 Bxe2 14. Qxe2 Be7 15. Nxf7 O-O 16. Nd6 Rxf1+ 17. Qxf1 Bxd6 18. exd6 Nc4 19. d7 Nd6 20. b3 Qa5 21. a4 Rf8 22. Qd1 Rf7 23. Ba3 Ne4 24. Qg4 Qb6 25. Qxe6 h6 26. Qxb6 axb6 27. d8=Q+ Kh7 28. Qxd5 Ng5 29. h4 Nh3+ 30. gxh3 Rf6 31. Qe4+ Rg6+ 32. Kh2 h5 33. Rg1 1-0

[Event "57th Biel Festival ATO 2024"]
[Site "Biel"]
[Date "2024.07.22"]
[Round "6.12"]
[White "Dreke, Frank"]
[Black "Jordan, Christina"]
[Result "0-1"]
[ECO "B55"]
[WhiteElo "1915"]
[BlackElo "1749"]
[Annotator "ChessBase"]
[PlyCount "68"]
[EventDate "2024.07.03"]
[EventType "swiss"]
[EventCountry "SUI"]
[SourceTitle "playchess.com"]
[Source "ChessBase"]
[SourceQuality "1"]
[TimeControl "40/5400+30:1800+30"]

1. e4 c5 2. Nf3 d6 3. d4 cxd4 4. Nxd4 Nf6 5. f3 a6 6. c4 e5 7. Nc2 Be6 8. Nc3 Nbd7 9. Bd3 Be7 10. O-O O-O 11. Be3 Rc8 12. Nd5 Bxd5 13. cxd5 Nc5 14. Be2 Nfd7 15. Qd2 f5 16. exf5 Rxf5 17. b4 Na4 18. Bd3 Rf8 19. Rac1 Nb2 20. Na1 Nxd3 21. Rxc8 Qxc8 22. Qxd3 Nf6 23. Bg5 Qd7 24. Rc1 Rc8 25. Rc4 h6 26. Be3 b5 27. Rh4 e4 28. fxe4 Ng4 29. Rh5 Nxe3 30. Qxe3 Bg5 31. Rxg5 hxg5 32. Qxg5 Qa7+ 33. Kf1 Rf8+ 34. Ke2 Qf2+ 0-1

[Event "57th Biel Festival ATO 2024"]
[Site "Biel"]
[Date "2024.07.22"]
[Round "6.14"]
[White "Primbetova, Raikhan"]
[Black "Schneuwly, Achim"]
[Result "0-1"]
[ECO "A10"]
[WhiteElo "1534"]
[BlackElo "1933"]
[Annotator "RC"]
[PlyCount "56"]
[EventDate "2024.07.03"]
[EventType "swiss"]
[EventCountry "SUI"]
[SourceTitle "playchess.com"]
[Source "ChessBase"]
[SourceQuality "1"]
[TimeControl "40/5400+30:1800+30"]

1. c4 g6 2. g3 Bg7 3. Bg2 d6 4. Nc3 Nh6 5. d3 O-O 6. e3 f5 7. Nge2 c6 8. O-O e5 9. e4 Na6 10. h3 f4 11. f3 fxg3 12. Qe1 Nb4 13. Qxg3 Nxd3 14. Kh1 Nxc1 15. Raxc1 Be6 16. b3 Nf7 17. Rcd1 Qe7 18. h4 Bf6 19. h5 Bh4 20. Qh2 gxh5 21. Bh3 Bxh3 22. Rg1+ Kh8 23. Qxh3 Rg8 24. Rgf1 Rg6 25. Rd3 Rag8 26. Nd1 Bg5 27. Ng3 Bf4 28. Nf5 Qg5 0-1

[Event "57th Biel Festival ATO 2024"]
[Site "Biel"]
[Date "2024.07.22"]
[Round "6.15"]
[White "Bangerter, Daria"]
[Black "Pantillon, Patrick Andre"]
[Result "0-1"]
[ECO "B03"]
[WhiteElo "1931"]
[BlackElo "1782"]
[Annotator "ChessBase"]
[PlyCount "89"]
[EventDate "2024.07.03"]
[EventType "swiss"]
[EventCountry "SUI"]
[SourceTitle "playchess.com"]
[Source "ChessBase"]
[SourceQuality "1"]
[TimeControl "40/5400+30:1800+30"]

1. e4 Nf6 2. e5 Nd5 3. d4 d6 4. c4 Nb6 5. f4 dxe5 6. fxe5 Nc6 7. Be3 Bf5 8. Nc3 e6 9. Be2 Bb4 10. Nf3 O-O 11. O-O Na5 12. c5 Nbc4 13. Bg5 Qd7 14. Na4 h6 15. Bc1 b5 16. a3 Bxa3 17. bxa3 bxa4 18. Bf4 Nb2 19. Qd2 Nb3 20. Qxb2 Nxa1 21. Rxa1 Rab8 22. Qd2 Rb3 23. Bc4 Rfb8 24. Bxb3 axb3 25. Qb2 c6 26. Bd2 Qd5 27. Rc1 Be4 28. Ne1 Rd8 29. Bc3 Rd7 30. Qe2 f6 31. exf6 gxf6 32. Bb2 Rg7 33. Rd1 f5 34. Kh1 h5 35. Rd2 h4 36. h3 Rg3 37. Kg1 f4 38. Kh2 Qf5 39. Kg1 Bd5 40. Kf1 Bxg2+ 41. Nxg2 f3 42. Qe1 fxg2+ 43. Kg1 Qxh3 44. Rd1 Rf3 45. Qxe6+ 0-1